 Dungeon Crawl Stone Soup version 0.20.1-1-g8b1a95d (webtiles) character file.

2708 Kingsmith the Thaumaturge (level 9, -2/46 HPs)
             Began as a Spriggan Venom Mage on Dec 10, 2017.
             Was a Believer of Sif Muna.
             Slain by a killer bee (9 damage)
             ... on level 8 of the Dungeon.
             The game lasted 00:25:31 (8832 turns).

Kingsmith the Thaumaturge (Spriggan Venom Mage)     Turns: 8832, Time: 00:25:32

Health: -2/46      AC:  3    Str:  4    XL:     9   Next: 39%
Magic:  8/22       EV: 18    Int: 20    God:    Sif Muna [**....]
Gold:   290        SH:  0    Dex: 16    Spells: 9/24 levels left

rFire    . . .     SeeInvis +   j - +1 spear
rCold    . . .     Gourm    .   (shield restricted)
rNeg     . . .     Faith    .   a - +1 robe
rPois    .         Spirit   .   (helmet restricted)
rElec    .         Reflect  .   (no cloak)
rCorr    .         Harm     .   (gloves unavailable)
MR       +....                  (boots unavailable)
Stlth    ++........             m - amulet of magic regeneration
Regen    0.2/turn               (no ring)
MPRegen  0.3/turn               (no ring)

@: lethally poisoned (-2 -> -7), radiating poison, very quick
A: unfitting armour, see invisible, herbivore 3, speed 3, slow metabolism 2
a: Divine Energy, Renounce Religion


You were on level 8 of the Dungeon.
You worshipped Sif Muna.
Sif Muna was pleased with you.
You were not hungry.

You visited 2 branches of the dungeon, and saw 9 of its levels.

You collected 290 gold pieces.

Inventory:

Hand Weapons
 j - a +1 spear (weapon)
Armour
 a - a +1 robe (worn)
Jewellery
 m - an amulet of magic regeneration (around neck)
 p - an uncursed amulet of rage {unknown}
 y - an uncursed amulet of regeneration {unknown}
Wands
 l - a wand of flame (0/48)
 B - a wand of lightning (9/15)
Scrolls
 e - 5 scrolls of teleportation
 f - a scroll of remove curse
 h - a scroll of summoning {unknown}
 k - a scroll of fear
 n - a scroll of enchant armour
 o - a scroll of immolation
 r - 2 scrolls of blinking
 s - 2 scrolls of amnesia {unknown}
 t - a scroll of enchant weapon
 w - a scroll of fog
 z - a scroll of torment {unknown}
Potions
 d - 2 potions of mutation
 i - 4 potions of haste
 q - 3 potions of curing
 u - a potion of flight
 v - a potion of lignification
 x - a potion of agility
 C - a potion of berserk rage {unknown}
 D - a potion of heal wounds
 E - a potion of cancellation {unknown}
Books
 b - a Young Poisoner's Handbook

   Spells                             Type                      Level
   a - Sting                          Conjuration/Poison           1
   b - Poisonous Vapours              Poison/Air                   2
   c - Mephitic Cloud                 Conjuration/Poison/Air       3
   d - Olgreb's Toxic Radiance        Poison                       4
   e - Venom Bolt                     Conjuration/Poison           5
Comestibles
 c - a bread ration
 g - 5 royal jellies
 A - 4 fruits


   Skills:
 + Level 4.6 Fighting
 - Level 3.0 Dodging
 - Level 3.0 Stealth
 - Level 8.1 Spellcasting
 - Level 5.0 Conjurations
 - Level 5.0 Air Magic
 - Level 5.0 Poison Magic


You had 9 spell levels left.
You knew the following spells:

 Your Spells              Type           Power        Failure   Level  Hunger
a - Sting                 Conj/Pois      ####         1%          1    None
b - Poisonous Vapours     Pois/Air       ####..       1%          2    None
c - Mephitic Cloud        Conj/Pois/Air  ####....     3%          3    None
d - Olgreb's Toxic Radia  Pois           ####....     11%         4    ###....
e - Venom Bolt            Conj/Pois      ####......   30%         5    #####..


Dungeon Overview and Level Annotations

Branches:
Dungeon (8/15)             Temple (1/1) D:4
   Lair: D:8-11

Altars:
Ashenzari
Cheibriados
Dithmenos
Elyvilon
Fedhas
Gozag
Hepliaklqana
Kikubaaqudgha
Makhleb
Nemelex Xobeh
Okawaru
Qazlal
Sif Muna
Trog
Uskayaw
Vehumet
Yredelemnul
Zin
The Shining One

Shops:
D:5 %

Annotations:
D:4 1 runed door, schauveau's ghost, amateur HOMo
D:5 Food Shop


Innate Abilities, Weirdness & Mutations

You are very small and have problems with some larger weapons.
You are too small for most types of armour.
You have supernaturally acute eyesight. (SInv)
You are a herbivore.
You cover ground extremely quickly.
You need consume almost no food.


Message History

The killer bee looks as sick as possible!
You kill the killer bee!
Sif Muna accepts your kill. The killer bee stings you!
* * * LOW HITPOINT WARNING * * *
You are poisoned.
The killer bee poisons you!
You feel sick.
You see here a chunk of flesh.
Unknown command.
You feel better. The killer bee stings you!
* * * LOW HITPOINT WARNING * * *
You are poisoned.
The killer bee poisons you!
Casting: Poisonous Vapours
Confirm with . or Enter, or press ? or * to list all spells.
You begin to radiate toxic energy.
The killer bee is poisoned. x2
You feel sick. The killer bee misses you. The killer bee barely misses you.
The killer bee stings you!
You die...

.. .## # # ..# #.#
#)# ... #####)# #.
..##.# #. # #
#.##.# ....#
#.##.##.# #...#
#...yy..# #...####
####@#### .......#
#######.# ######.#
#......†#
..#....###.#######
#.#[.......#
#.#.######## #...#
#####


You could see 2 killer bees.

Vanquished Creatures
  A yak (D:8)
  A hog (D:8)
  A human (D:8)
  A porcupine (D:8)
  An ice beast (D:6)
  2 sky beasts
  A black bear (D:7)
  3 centaurs
  2 ogres
  6 bullfrogs
  A scorpion (D:7)
  4 killer bees (D:8)
  3 howler monkeys
  A bullfrog zombie (D:5)
  A centaur zombie (D:6)
  A hound (D:5)
  2 orc priests
  3 iguanas
  Terence (D:2)
  7 worker ants
  A hound zombie (D:7)
  14 adders
  4 gnolls (D:4)
  3 shadow imps
  An ooze (D:4)
  2 worms
  3 dart slugs
  7 leopard geckos
  29 orcs
  A ball python (D:1)
  A bat zombie (D:1)
  6 giant cockroaches
  8 goblins
  13 hobgoblins
  5 jackals
  7 kobolds
  6 quokkas
  A ball python zombie (D:1)
  5 bats
  A frilled lizard (D:1)
  A quokka skeleton (D:5)
  2 rats
164 creatures vanquished.

Vanquished Creatures (others)
  A fungus (D:8)
1 creature vanquished.

Grand Total: 165 creatures vanquished

Notes
Turn   | Place    | Note
-------+----------+-------------------------------------------
     0 | D:1      | Kingsmith the Spriggan Venom Mage began the quest for the Orb.
     0 | D:1      | Reached XP level 1. HP: 9/9 MP: 5/5
   152 | D:1      | Reached skill level 3 in Spellcasting
   283 | D:1      | Reached XP level 2. HP: 13/13 MP: 4/7
   329 | D:1      | Learned a level 2 spell: Poisonous Vapours
   924 | D:2      | Reached skill level 4 in Spellcasting
   956 | D:2      | Reached XP level 3. HP: 16/16 MP: 3/9
  1129 | D:2      | Noticed Terence
  1157 | D:2      | Killed Terence
  1157 | D:2      | Reached skill level 5 in Spellcasting
  1272 | D:2      | Reached XP level 4. HP: 18/21 MP: 5/12
  1741 | D:3      | Learned a level 3 spell: Mephitic Cloud
  1746 | D:3      | Learned a level 4 spell: Olgreb's Toxic Radiance
  1838 | D:3      | Reached skill level 6 in Spellcasting
  2106 | D:3      | Found a bloodstained altar of Trog.
  2279 | D:3      | Found an iron altar of Okawaru.
  2279 | D:3      | Found a radiant altar of Vehumet.
  2330 | D:4      | Noticed schauveau's ghost (amateur HOMo)
  2529 | D:4      | Reached XP level 5. HP: 24/24 MP: 8/14
  2784 | D:4      | Reached skill level 7 in Spellcasting
  3308 | D:4      | Reached XP level 6. HP: 10/28 MP: 10/17
  3338 | D:4      | Found a shattered altar of Ashenzari.
  3539 | D:4      | Found a glowing golden altar of the Shining One.
  3540 | D:4      | Found a runed door.
  3540 | D:4      | Noticed an angel
  3701 | D:4      | Reached skill level 8 in Spellcasting
  4035 | D:4      | Found a staircase to the Ecumenical Temple.
  4056 | D:4      | Found an ancient bone altar of Kikubaaqudgha.
  4084 | Temple   | Entered the Ecumenical Temple
  4103 | Temple   | Became a worshipper of Sif Muna the Loreminder
  4241 | D:5      | Entered Level 5 of the Dungeon
  4391 | D:5      | Reached XP level 7. HP: 32/32 MP: 1/19
  4528 | D:5      | Found Goutoad's Food Emporium.
  4763 | D:5      | Reached skill level 5 in Poison Magic
  4802 | D:5      | Reached skill level 1 in Air Magic
  4816 | D:5      | Learned a level 5 spell: Venom Bolt
  4891 | D:5      | Found a white marble altar of Elyvilon.
  5229 | D:5      | Reached * piety under Sif Muna
  5841 | D:6      | Reached XP level 8. HP: 36/36 MP: 4/21
  5908 | D:6      | Reached skill level 5 in Air Magic
  6263 | D:6      | Reached skill level 1 in Conjurations
  6836 | D:7      | Found a stormy altar of Qazlal.
  6884 | D:7      | Reached ** piety under Sif Muna
  6990 | D:7      | Found a glowing golden altar of the Shining One.
  7518 | D:7      | Reached skill level 5 in Conjurations
  7972 | D:8      | Reached skill level 1 in Fighting
  7972 | D:8      | Reached XP level 9. HP: 27/42 MP: 13/22
  7987 | D:8      | Paralysed by fainting for 11 turns
  7995 | D:8      | HP: 2/43 [hungry ghost (4)]
  8494 | D:8      | Found a burning altar of Makhleb.
  8497 | D:8      | Found an opulent altar of Gozag.
  8497 | D:8      | Found a shadowy altar of Dithmenos.
  8515 | D:8      | Found a hazy altar of Hepliaklqana.
  8832 | D:8      | Slain by a killer bee

Skill      XL: |  1  2  3  4  5  6  7  8  9 |
---------------+----------------------------+-----
Spellcasting   | 3 4 5 6 7 8 |  8.1
Poison Magic   | 4 5 |  5.0
Air Magic      | 4 5 |  5.0
Conjurations   | 5 |  5.0
Fighting       | 1 4 |  4.6
Dodging        | |  3.0
Stealth        | |  3.0

Action                   |  1- 3 |  4- 6 |  7- 9 || total
-------------------------+-------+-------+-------++-------
Melee: Unarmed           |     1 |       |       ||     1
       Spear             |    22 |    65 |   154 ||   241
 Cast: Sting             |    43 |    29 |     1 ||    73
       Poisonous Vapours |     8 |    97 |   138 ||   243
       Olgreb's Toxic Ra |       |     1 |     5 ||     6
       Venom Bolt        |       |       |     3 ||     3
       Mephitic Cloud    |       |       |     1 ||     1
Evoke: Wand              |       |       |    13 ||    13
  Use: Scroll            |       |       |    17 ||    17
       Potion            |       |       |     3 ||     3
 Stab: Sleeping          |     2 |     2 |       ||     4
       Confused          |       |       |     1 ||     1
  Eat: Fruit             |       |     1 |       ||     1
       Bread ration      |       |       |     2 ||     2
Armor: Robe              |     4 |     4 |    22 ||    30
Dodge: Dodged            |    36 |    64 |   156 ||   256
